 Dungeon Crawl Stone Soup version 0.24.0-123-gd5b16e6ec5 (webtiles) character file.

Game seed: 14701316466256199597, levelgen mode: deterministic

365 SirRappington the Cleaver (level 6, 0/52 HPs)
             Began as a Minotaur Berserker on Dec 26, 2019.
             Was a Believer of Trog.
             Killed from afar by Dowan (15 damage)
             ... with a shard of ice
             ... on level 4 of the Dungeon.
             The game lasted 00:08:05 (2325 turns).

SirRappington the Cleaver (Minotaur Berserker)      Turns: 2325, Time: 00:08:07

Health: 0/52       AC: 12    Str: 21    XL:     6   Next: 40%
Magic:  5/5        EV:  6    Int:  6    God:    Trog [**....]
Gold:   175        SH:  0    Dex: 10    Spells: 5/5 levels left

rFire    . . .     SeeInvis .   a - +1 hand axe
rCold    . . .     Gourm    .   (no shield)
rNeg     . . .     Faith    .   d - +1 plate armour
rPois    .         Spirit   .   (helmet restricted)
rElec    .         Reflect  .   (no cloak)
rCorr    .         Harm     .   (no gloves)
MR       .....                  (no boots)
Stlth    ..........             (no amulet)
HPRegen  0.17/turn              (no ring)
MPRegen  0.09/turn              (no ring)

@: no status effects
A: retaliatory headbutt, horns 2
a: Berserk, Trog's Hand, Renounce Religion


You were on level 4 of the Dungeon.
You worshipped Trog.
Trog was pleased with you.
You were hungry.

You visited 1 branch of the dungeon, and saw 4 of its levels.

You collected 175 gold pieces.

Inventory:

Hand Weapons
 a - a +1 hand axe (weapon)
Armour
 d - a +1 plate armour (worn)
Jewellery
 g - an uncursed ring of resist corrosion {unknown}
 j - a +5 ring of protection {unknown}
 k - a +2 ring of strength {unknown}
 s - an uncursed amulet of the acrobat {unknown}
Scrolls
 e - 3 scrolls of teleportation
 f - a scroll of enchant armour
 h - a scroll of fog
Potions
 b - a potion of haste
 i - a potion of might
 l - a potion of heal wounds
 m - 3 potions of flight
 n - 2 potions of cancellation {unknown}
 o - a potion of curing
 q - a potion of mutation {unknown}
 r - a potion of brilliance {unknown}
Comestibles
 c - 9 rations


   Skills:
 - Level 3.9 Fighting
 * Level 8.6 Axes
 - Level 2.5 Armour
 - Level 2.3 Dodging


You had 5 spell levels left.
You didn't know any spells.
Your spell library was empty.

Dungeon Overview and Level Annotations

Branches:
Dungeon (4/15)
 Temple: D:4-7

Altars:
Dithmenos
Fedhas
Qazlal

Annotations:
D:4 Dowan


Innate Abilities, Weirdness & Mutations

You reflexively headbutt those who attack you in melee.
You have a pair of horns on your head.


Message History

Dowan gestures at you while chanting. The stone arrow hits you!
* * * LOW HITPOINT WARNING * * *
Your plate armour prevents you from hitting Dowan.
You headbutt Dowan.
Dowan is severely wounded.
Dowan hits you but does no damage.
You barely miss Dowan.
Dowan is severely wounded.
Dowan hits you but does no damage.
You closely miss Dowan. Your headbutt misses Dowan.
Dowan is severely wounded.
Dowan barely misses you.
You closely miss Dowan.
Dowan is severely wounded.
Dowan hits you but does no damage.
Dowan says, "How can I live without her?"
Dowan points at you and mumbles some strange words.
The shard of ice hits you!
You die...

#...... # #.....#.#
### ## #.....#.##
#.### ..
##......... #...###
#. ...>......
#.#...###.#
#.........
#.###..##$.
#e........ ..#
##.###.#####@###<..
.##
#..##...?.)..!..?..
.#
##.###..#))####..##
.# ###.##.....## #
.####.........##
..........###..#
....#.##....##.####
..........†........
...#....##..#....##


You could see Dowan.

Vanquished Creatures
  Duvessa (D:4)
  A hound (D:4)
  2 orc priests (D:4)
  Jessica (D:3)
  4 adders
  2 oozes (D:1)
  A worm (D:2)
  2 dart slugs
  A leopard gecko (D:2)
  7 orcs
  2 ball pythons
  4 giant cockroaches
  5 goblins
  8 hobgoblins
  12 kobolds
  2 quokkas
  14 bats
  5 frilled lizards
  A quokka skeleton (D:4)
  13 rats
88 creatures vanquished.

Notes
Turn   | Place    | Note
-------+----------+-------------------------------------------
     0 | D:1      | SirRappington the Minotaur Berserker began the quest for
                  | the Orb.
     0 | D:1      | Reached XP level 1. HP: 19/19 MP: 0/0
    35 | D:1      | Reached XP level 2. HP: 23/27 MP: 1/1
    48 | D:1      | Reached skill level 4 in Axes
   256 | D:1      | Reached XP level 3. HP: 33/33 MP: 2/2
   334 | D:1      | Reached skill level 5 in Axes
   822 | D:2      | Found a shadowy altar of Dithmenos.
  1197 | D:2      | Reached XP level 4. HP: 35/40 MP: 3/3
  1230 | D:2      | Reached ** piety under Trog
  1422 | D:2      | Reached skill level 6 in Axes
  1822 | D:3      | Found a blossoming altar of Fedhas.
  1903 | D:3      | Found a stormy altar of Qazlal.
  2075 | D:3      | Noticed Jessica
  2083 | D:3      | Killed Jessica
  2083 | D:3      | Reached XP level 5. HP: 45/46 MP: 4/4
  2265 | D:4      | Reached skill level 7 in Axes
  2286 | D:4      | Noticed Dowan
  2290 | D:4      | Noticed Duvessa
  2313 | D:4      | Killed Duvessa
  2313 | D:4      | Reached skill level 8 in Axes
  2313 | D:4      | Reached XP level 6. HP: 22/52 MP: 5/5
  2325 | D:4      | Killed from afar by Dowan

Levels and vault maps discovered:
D:1:      erik_arrival_gehennom, layout_loops_ring, minmay_pentomino_v2
D:2:      layout_basic, lemuel_crystal_altar, kennysheep_generic_room_2
D:3:      layout_basic, grunt_qazlal_sundering, fedhas_altar_1,
          minmay_misc_feat_rows, uniq_jessica
D:4:      layout_rooms, lemuel_crystal_altar, first_ration,
          uniq_crazy_yiuf_cottage, uniq_duvessa

Skill      XL: |  1  2  3  4  5 |
---------------+----------------+-----
Axes           | 4 5 6 8 |  8.6
Fighting       | |  3.9
Armour         | |  2.5
Dodging        | |  2.3

Action                   |  1- 3 |  4- 6 || total
-------------------------+-------+-------++-------
Melee: Hand axe          |    82 |   116 ||   198
       Headbutt          |     8 |    18 ||    26
  Use: Scroll            |       |    11 ||    11
       Potion            |       |     1 ||     1
 Stab: Sleeping          |     1 |       ||     1
  Eat: Chunk             |       |     4 ||     4
Armor: Plate armour      |    46 |    96 ||   142
       Animal skin       |     7 |       ||     7
Dodge: Dodged            |    47 |    47 ||    94
